 Dungeon Crawl Stone Soup version 0.30-a0-859-gf88a04b62d (webtiles) character file.

Game seed: 18307928965039804123

43 Esekla the Sneak (level 3, 10/26 HPs)
             Began as an Octopode Delver on Mar 6, 2023.
             Quit the game on level 5 of the Dungeon.
             The game lasted 00:03:47 (231 turns).

Esekla the Sneak (Octopode Delver)                   Turns: 231, Time: 00:03:48

Health: 10/26      AC:  1    Str: 11    XL:     3   Next: 58%
Magic:  2/4        EV: 13    Int: 14    God:
Gold:   5          SH:  0    Dex: 13    Spells: 3/3 levels left

rFire   . . .      SeeInvis .    a - +0 falchion
rCold   . . .      Faith    .    (no shield)
rNeg    . . .      Spirit   .    (helmet restricted)
rPois   .          Reflect  .    (no amulet)
rElec   .          Rampage  .    (no ring)
rCorr   .                        (no ring)
Will    .....                    (no ring)
Stlth   ++++                     (no ring)
HPRegen 0.24/turn                (no ring)
MPRegen 0.09/turn                (no ring)
                                 (no ring)
                                 (no ring)

@: no status effects
A: almost no armour, amphibious, 8 rings, camouflage 1, gelatinous body 1,
(nimble swimmer 1), tentacles
a: no special abilities


You were on level 5 of the Dungeon.
You visited 1 branch of the dungeon, and saw 1 of its levels.

You collected 5 gold pieces.

Inventory:

Hand Weapons
 a - a +0 falchion (weapon)
 g - a +0 dagger
Wands
 f - a wand of digging (2)
Scrolls
 b - 2 scrolls of fog
 c - a scroll of torment {unknown}
 d - a scroll of fear
Potions
 e - a potion of haste


   Skills:
 * Level 3.3 Fighting
 * Level 2.2 Long Blades
 * Level 2.2 Dodging
 + Level 7.4 Stealth
 * Level 0.7 Spellcasting


You had 3 spell levels left.
You didn't know any spells.
Your spell library was empty.

Dungeon Overview and Level Annotations

Branches:
Dungeon (5/15)
 Temple: D:4-7

Altars:
Ashenzari
Cheibriados
Fedhas
Kikubaaqudgha


Innate Abilities, Weirdness & Mutations

You cannot wear most types of armour.
You are amphibious.
You can wear up to eight rings at the same time.
Your skin changes colour to match your surroundings (Stealth+).
Your rubbery body absorbs attacks. (AC +1, EV +1)
((You are camouflaged when in or above water. (Stealth+)))
You have tentacles for arms and can constrict up to eight enemies at once.


Message History

Found 5 gold pieces.
Found an escape hatch in the ceiling.
Found a stone staircase leading up.
You see here 5 gold pieces.
You now have 5 gold pieces.
Found a scroll labelled ACAMUI OXEESTRA.
c - a scroll labelled ACAMUI OXEESTRA You see here a +0 dagger.
g - a +0 dagger
g - a +0 dagger (weapon)
a - a +0 falchion (weapon)
The hound closely misses you.
You closely miss the hound. Your grab misses the hound.
The hound closely misses you. The hound misses you.
You closely miss the hound. Your grab misses the hound. You squeeze the hound!
The hound is heavily wounded.
The hound stops to sniff the ground.
The hound barely misses you. The hound bites you.
You closely miss the hound. You grab the hound.
The hound is heavily wounded.
You constrict the hound, but do no damage.
The hound closely misses you. The hound bites you.
You hit the hound but do no damage.
The hound is heavily wounded.
You constrict the hound, but do no damage.
The hound barely misses you.
You hit the hound.
The hound is severely wounded.
You constrict the hound. The hound bites you. x2
* * * LOW HITPOINT WARNING * * *
You hit the hound.
You kill the hound!
You have reached level 3!
Your experience leads to an increase in your attributes!
Increase (S)trength, (I)ntelligence, or (D)exterity?
You feel clever. x2
You open the door.
Found an ancient bone altar of Kikubaaqudgha.
There is an open door here.
There is an ancient bone altar of Kikubaaqudgha here.
Are you sure you want to abandon this character and quit the game? (Confirm with "yes".)

#...# ##.........# *,*
#..## #.........# *,# #..#
##<........## **.# #..#
#.....##....###.#*
#..####.....###h.....#,*
#...#......## ##...###**
#..........# #..##
*#..........### #..#
**#...........#@#*#h.#
*#.............#'#*...#
*...#............##...#**
#..####.<#.............,***
###* #...#.............,,*
##...#.......#####*** ####
##.........## ####
#........## #.##
*#...##...#*


There were no monsters in sight!

Vanquished Creatures
  A hound (D:5)
  An ufetubus (D:5)
  2 dart slugs (D:5)
4 creatures vanquished.

Notes
Turn   | Place    | Note
-------+----------+-------------------------------------------
     0 | D:5      | Esekla the Octopode Delver began the quest for the Orb.
     0 | D:5      | Reached XP level 1. HP: 16/16 MP: 1/1
    37 | D:5      | Noticed a black bear
    43 | D:5      | Noticed a hound
    68 | D:5      | Found a broken altar of Ashenzari.
   127 | D:5      | Found a snail-covered altar of Cheibriados.
   135 | D:5      | Noticed a hound
   138 | D:5      | Found a blossoming altar of Fedhas.
   160 | D:5      | Reached skill level 7 in Stealth
   160 | D:5      | Reached XP level 2. HP: 21/21 MP: 2/2
   223 | D:5      | Reached XP level 3. HP: 8/26 MP: 2/4
   228 | D:5      | Found an ancient bone altar of Kikubaaqudgha.
   231 | D:5      | Quit the game

Illustrated notes

Levels and vault maps discovered:
D:5:      layout_layer_cave, kennysheep_mini, kennysheep_slug_shrine,
          nicolae_ashenzari_skybound, fedhas_altar_2

Skill      XL: |  1 |
---------------+----+-----
Stealth        | 7 |  7.4
Fighting       | |  3.3
Long Blades    | |  2.2
Dodging        | |  2.2
Spellcasting   | |  0.7

Action                     || total
---------------------------++-------
  Melee: Falchion          ||    10
         Constrict         ||     2
         Tentacles         ||     2
  Evoke: Wand              ||     1
    Use: Scroll            ||     1
   Stab: Sleeping          ||     2
  Dodge: Dodged            ||     7

Table legend: (Time is in decaauts)
 A = Elapsed time spent in this place.
 B = Non-inter-level travel time spent in this place.
 C = Inter-level travel time spent in this place.
 D = Time resting spent in this place.
 E = Time spent auto-exploring this place.
 F = Levels seen in this place.
 G = Mean time per level.
                   A        B        C        D        E       F      G
               +--------+--------+--------+--------+--------+-----+--------+
         Total |    232 |    232 |      0 |     24 |      0 |   1 |  232.0 |
       Dungeon |    232 |    232 |      0 |     24 |      0 |   1 |  232.0 |
               +--------+--------+--------+--------+--------+-----+--------+

Top non-repeatable levels by time:
     D:5: 232 daAuts
